 Dungeon Crawl Stone Soup version 0.28-a0-1038-g9c4cb8273d (webtiles) character file.

Game seed: 2023975381898766615

215 croobank the Poker (level 5, -5/42 HPs)
             Began as a Merfolk Cinder Acolyte on Dec 8, 2021.
             Was an Elder of Ignis.
             Slain by an ogre (19 damage)
             ... on level 4 of the Dungeon.
             The game lasted 00:13:55 (3816 turns).

croobank the Poker (Merfolk Cinder Acolyte)         Turns: 3816, Time: 00:13:56

Health: -5/42      AC: 11    Str: 14    XL:     5   Next: 92%
Magic:  2/8        EV: 11    Int: 14    God:    Ignis [****..]
Gold:   126        SH:  0    Dex: 11    Spells: 6/8 levels left

rFire   + . .      SeeInvis .   h - +2 dagger (holy)
rCold   . . .      Faith    .   (no shield)
rNeg    + . .      Spirit   .   j - +2 ring mail
rPois   .          Reflect  .   e - +2 helmet
rElec   .          Harm     .   (no cloak)
rCorr   +          Rampage  .   (no gloves)
Will    .....                   m - +0 pair of boots
Stlth   +.........              (no amulet)
HPRegen 0.14/turn               n - ring of resist corrosion
MPRegen 0.11/turn               u - ring of positive energy

@: very slightly contaminated
A: (nimble swimmer 2), mertail
a: Renounce Religion, Fiery Armour, Foxfire Swarm, Rising Flame


You were on level 4 of the Dungeon.
You worshipped Ignis.
Ignis was greatly pleased with you.
You visited 1 branch of the dungeon, and saw 4 of its levels.

You collected 126 gold pieces.

Inventory:

Hand Weapons
 a - a -1 spear of flaming
 h - a +2 dagger of holy wrath (weapon)
 l - a +0 falchion
 q - a +0 trident
Missiles
 c - 129 stones (quivered)
 k - 17 sling bullets
 o - 10 poisoned darts
Armour
 e - a +2 helmet (worn)
 j - a +2 ring mail (worn)
 m - a +0 pair of boots (worn)
 t - a +0 chain mail
Magical Staves
 p - a staff of death
Jewellery
 n - a ring of resist corrosion (left hand)
 u - a ring of positive energy (right hand)
Scrolls
 b - a scroll of acquirement {unknown}
 r - a scroll of immolation {unknown}
 s - a scroll of identify
Potions
 d - 5 potions of curing
 f - a potion of haste {unknown}
 g - a potion of heal wounds
 i - a potion of might {unknown}


   Skills:
 + Level 3.8 Fighting
 + Level 0.9 Short Blades
 + Level 5.3 Polearms
 + Level 1.3 Armour
 + Level 2.2 Dodging
 + Level 1.1 Stealth
 + Level 2.1 Spellcasting
 + Level 3.0 Fire Magic


You had 6 spell levels left.
You knew the following spells:

 Your Spells              Type           Power      Damage    Failure   Level
a - Scorch                Fire           18%        2d6       22%         2

Your spell library contained the following spells:

 Spells                   Type           Power      Damage    Failure   Level


Dungeon Overview and Level Annotations

Branches:
Dungeon (4/15)
 Temple: D:4-7

Altars:


Innate Abilities, Weirdness & Mutations

((You are quick and stealthy near water. (Stealth+, EV+, Speed+++)))
Your lower body shifts to a powerful aquatic tail in water.


Message History

You feel much better. The phantom closely misses you.
You completely miss the phantom.
The phantom is almost destroyed.
The phantom misses you.
You barely miss the phantom.
The phantom is severely damaged.
The phantom closely misses you.
You hit the phantom.
The phantom convulses.
The phantom is almost destroyed.
The phantom is no longer more vulnerable to fire.
The phantom closely misses you.
You miss the phantom.
The phantom is almost destroyed.
The phantom hits you but does no damage.
You hit the phantom.
You destroy the phantom!
Your Spellcasting skill increases to level 2!
Your Fire Magic skill increases to level 3!
You start resting.
Magic restored.
There is a stone staircase leading down here.
You climb downwards.
The ogre misses you.
There is a stone staircase leading up here.
Casting: Scorch (safe; 22% risk of failure)
Confirm with . or Enter, or press ? or * to list all spells.
Flames lash the ogre.
The ogre is severely wounded.
The ogre's fire resistance burns away.
The ogre hits you with a +0 giant club!
Casting: Scorch (safe; 22% risk of failure)
Confirm with . or Enter, or press ? or * to list all spells.
You miscast Scorch.
You are very lightly contaminated with residual magic.
Nothing appears to happen.
The ogre hits you with a +0 giant club!
Casting: Scorch (safe; 22% risk of failure)
Confirm with . or Enter, or press ? or * to list all spells.
Flames lash the ogre.
The ogre is burned terribly!
The ogre is almost dead.
The kobold hits you but does no damage.
The ogre hits you with a +0 giant club!!
You die...

...............#
##.#.#.####.#### #.....#
#.# ###.### #.# #O#
####.##
#.###.....#########
####.##.$..K.O..J....#.#
............?###KO......
...$.###.....# #@###.#..
###### #.....# #.#
###.### #.# #.# #.# #.#
#.# #.# #.# #.# #.# #.#


You could see an ogre (combustible), an endoplasm and a kobold.

Vanquished Creatures
  A phantom (D:3)
  Robin (D:2)
  6 adders
  A worm (D:2)
  3 dart slugs
  4 orcs (D:3)
  4 ball pythons
  3 bats
  3 endoplasms
  3 giant cockroaches (D:1)
  14 goblins
  5 hobgoblins
  3 jackals (D:2)
  5 quokkas
  A frilled lizard (D:3)
  5 kobolds
  4 rats
66 creatures vanquished.

Vanquished Creatures (others)
  11 foxfires
11 creatures vanquished.

Grand Total: 77 creatures vanquished

Notes
Turn   | Place    | Note
-------+----------+-------------------------------------------
     0 | D:1      | croobank the Merfolk Cinder Acolyte began the quest for the
                  | Orb.
     0 | D:1      | Reached XP level 1. HP: 18/18 MP: 2/2
   201 | D:1      | Reached skill level 5 in Polearms
   201 | D:1      | Reached XP level 2. HP: 3/24 MP: 3/3
   871 | D:1      | Learned a level 2 spell: Scorch
  1178 | D:1      | Reached XP level 3. HP: 27/29 MP: 0/4
  1229 | D:1      | Reached skill level 1 in Dodging
  1547 | D:2      | Noticed Robin
  1560 | D:2      | Killed Robin
  1564 | D:2      | HP: 1/30 [hobgoblin[Robin] (1)]
  2033 | D:2      | Reached XP level 4. HP: 33/37 MP: 0/5
  2523 | D:2      | Found a faded altar of an unknown god.
  2546 | D:2      | Reached skill level 1 in Armour
  3083 | D:3      | Reached skill level 1 in Stealth
  3169 | D:3      | Reached XP level 5. HP: 40/42 MP: 7/7
  3706 | D:4      | Noticed an ogre
  3713 | D:4      | Noticed a phantom
  3756 | D:3      | Killed a phantom
  3816 | D:4      | Slain by an ogre

Illustrated notes

Levels and vault maps discovered:
D:1:      heliophobic_arrival_dark_side_of_the_moon, layout_basic
D:2:      layout_rooms, shapermc_ecumenical_altar_venn, uniq_robin
D:3:      layout_loops_cross
D:4:      layout_loops_ring, uniq_pikel

Skill      XL: |  1  2  3  4  5 |
---------------+----------------+-----
Polearms       | 5 |  5.3
Dodging        | 1 2 |  2.2
Armour         | 1 |  1.3
Stealth        | 1 |  1.1
Spellcasting   | 2 |  2.1
Fire Magic     | 3 |  3.0
Fighting       | |  3.8
Short Blades   | |  0.9

Action                   |  1- 3 |  4- 6 || total
-------------------------+-------+-------++-------
Melee: Spear             |    60 |       ||    60
       Dagger            |    38 |    95 ||   133
 Cast: Scorch            |    11 |    26 ||    37
Invok: Foxfire Swarm     |     2 |       ||     2
       Fiery Armour      |     1 |       ||     1
  Use: Scroll            |     2 |     3 ||     5
       Potion            |       |     2 ||     2
Armor: Robe              |     7 |       ||     7
       Ring mail         |    13 |    42 ||    55
Dodge: Dodged            |    60 |    56 ||   116

Table legend: (Time is in decaauts)
 A = Elapsed time spent in this place.
 B = Non-inter-level travel time spent in this place.
 C = Inter-level travel time spent in this place.
 D = Time resting spent in this place.
 E = Time spent auto-exploring this place.
 F = Levels seen in this place.
 G = Mean time per level.
                   A        B        C        D        E       F      G
               +--------+--------+--------+--------+--------+-----+--------+
         Total |   3806 |   3744 |     62 |    814 |   2261 |   4 |  951.5 |
       Dungeon |   3806 |   3744 |     62 |    814 |   2261 |   4 |  951.5 |
               +--------+--------+--------+--------+--------+-----+--------+

Top non-repeatable levels by time:
     D:1: 1650 daAuts
     D:2: 1059 daAuts
     D:3: 1051 daAuts
     D:4: 44 daAuts
